 Dungeon Crawl Stone Soup version 0.20-a0-4-gd166d5d (webtiles) character file.

29 Kaname the Stinger (level 3, 0/24 HPs)
             Began as a Demonspawn Venom Mage on Oct 31, 2016.
             Slain by a worm (1 damage)
             ... on level 2 of the Dungeon.
             The game lasted 00:02:05 (1477 turns).

Kaname the Stinger (Demonspawn Venom Mage)          Turns: 1477, Time: 00:02:06

Health: 0/24       AC:  2    Str:  8    XL:     3   Next: 1%
Magic:  4/6        EV: 12    Int: 17    God:
Gold:   146        SH:  0    Dex: 13    Spells: 1 memorised, 5 levels left

rFire  . . .     SeeInvis .     e - +0 short sword
rCold  . . .     Gourm    .     a - +0 robe
rNeg   . . .     Faith    .     (no shield)
rPois  .         Spirit   .     (no helmet)
rElec  .         Reflect  .     (no cloak)
rCorr  .         Harm     .     (no gloves)
MR     .....                    (no boots)
Stlth  ++........               (no amulet)
                                (no ring)
                                (no ring)

@: very slightly contaminated
A: claws 1, demonic guardian 1
a: no special abilities


You were on level 2 of the Dungeon.
You were very hungry.

You visited 1 branch of the dungeon, and saw 2 of its levels.

You collected 146 gold pieces.

Inventory:

Hand Weapons
 e - a +0 short sword (weapon)
Armour
 a - a +0 robe (worn)
Scrolls
 d - 4 scrolls of remove curse {unknown}
 f - a scroll of identify {unknown}
 g - 2 scrolls of random uselessness {unknown}
 h - 2 scrolls of blinking {unknown}
 i - a scroll of fear {unknown}
 k - a scroll of enchant weapon {unknown}
 m - a scroll of immolation {unknown}
Potions
 j - a potion of curing {unknown}
Books
 b - a Young Poisoner's Handbook

   Spells                             Type                      Level
   a - Sting                          Conjuration/Poison           1
   b - Mephitic Cloud                 Conjuration/Poison/Air       3
   c - Olgreb's Toxic Radiance        Poison                       4
   d - Alistair's Intoxication        Transmutation/Poison         5
   e - Venom Bolt                     Conjuration/Poison           5
Comestibles
 c - a bread ration
 l - a beef jerky


   Skills:
 - Level 1.7 Dodging
 - Level 1.7 Stealth
 - Level 2.0 Spellcasting
 + Level 2.6 Conjurations
 - Level 4.0 Poison Magic


You had 5 spell levels left.
You knew the following spells:

 Your Spells              Type           Power        Failure   Level  Hunger
a - Sting                 Conj/Pois      ##..         6%          1    #......


Dungeon Overview and Level Annotations

Branches:
Dungeon (2/15)

Altars:
Ashenzari


Innate Abilities, Weirdness & Mutations

You have sharp fingernails.
A weak demonic guardian rushes to your aid.


Message History

The worm closely misses you. The worm closely misses you. The worm bites you!
The worm closely misses you.
You are feeling very hungry.
The worm barely misses you. The worm bites you. The worm bites you.
* * * LOW HITPOINT WARNING * * *
The worm barely misses you. The worm closely misses you. The worm bites you.
* * * LOW HITPOINT WARNING * * *
The worm barely misses you. The worm closely misses you.
The worm barely misses you. The worm bites you.
* * * LOW HITPOINT WARNING * * *
The worm bites you.
You die...

#######............†..........
##.####..........####### #.#
#..........#
###.####.........(#######
.....(.#...............[.
.......#.........########
.......##########........
.......w.# #........
.......#@# #########
.....S.#.# #############
...r...#.# #............
.......#.# #.###########
.......#.# #.# ..J....#.# #.#
########.# #.# #.# #.#
#.####.#


You could see a worm.

Vanquished Creatures
  An adder (D:2)
  A dart slug (D:1)
  A leopard gecko (D:2)
  A ball python (D:2)
  3 bats
  2 hobgoblins (D:1)
  3 kobolds (D:1)
  2 frilled lizards (D:1)
  4 rats
18 creatures vanquished.

Notes
Turn   | Place    | Note
-------+----------+-------------------------------------------
     0 | D:1      | Kaname the Demonspawn Venom Mage began the quest for the Orb.
     0 | D:1      | Reached XP level 1. HP: 13/13 MP: 3/3
   170 | D:1      | Reached skill level 1 in Conjurations
   586 | D:1      | Gained mutation: A weak demonic guardian rushes to your aid. [demonic ancestry]
   586 | D:1      | Reached XP level 2. HP: 19/19 MP: 0/5
   918 | D:1      | Found a shattered altar of Ashenzari.
  1446 | D:2      | Gained mutation: You have sharp fingernails. [demonic ancestry]
  1446 | D:2      | Reached XP level 3. HP: 24/24 MP: 1/6
  1475 | D:2      | HP: 1/24 [worm (2)]
  1477 | D:2      | Slain by a worm

Vault maps used:
D:1:      minmay_arrival_radiant_lines, evilmike_ruin_ashenzari
D:2:      nicolae_ru_sacrificial_ziggurat, ecumenical_altar_2

Skill      XL: |  1  2 |
---------------+-------+-----
Conjurations   | 1 2 |  2.6
Dodging        | |  1.7
Stealth        | |  1.7
Spellcasting   | |  2.0
Poison Magic   | |  4.0

Action                   || total
-------------------------++-------
Melee: Short sword       ||    56
 Cast: Sting             ||    15
 Stab: Sleeping          ||     1
  Eat: Chunk             ||     1
Armor: Robe              ||     9
Dodge: Dodged            ||    46
